 Dungeon Crawl Stone Soup version 0.27-a0-1384-g1422d76b99 (webtiles) character file.

Game seed: 17442711634759749674

1 sokol815 the Conjurer (level 1, 0/14 HPs)
             Began as a Draconian Conjurer on June 30, 2021.
             Slain by a jackal (2 damage)
             ... on level 1 of the Dungeon.
             The game lasted 00:00:29 (47 turns).

sokol815 the Conjurer (Draconian Conjurer)            Turns: 47, Time: 00:00:29

Health: 0/14       AC:  4    Str:  9    XL:     1   Next: 16%
Magic:  1/3        EV: 12    Int: 18    God:
Gold:   0          SH:  0    Dex:  9    Spells: 3/4 levels left

rFire    . . .     SeeInvis .   (no weapon)
rCold    . . .     Faith    .   (no shield)
rNeg     . . .     Spirit   .   (armour unavailable)
rPois    .         Reflect  .   (helmet restricted)
rElec    .         Harm     .   (no cloak)
rCorr    .         Rampage  .   (no gloves)
Will     .....                  (no boots)
Stlth    ++........             (no amulet)
HPRegen  0.04/turn              (no ring)
MPRegen  0.08/turn              (no ring)

@: no status effects
A: AC +4, unfitting armour, cold-blooded
a: no special abilities


You were on level 1 of the Dungeon.
You visited 1 branch of the dungeon, and saw 1 of its levels.

Inventory:

Scrolls
 a - a scroll of identify {unknown}


   Skills:
 + Level 1.8 Dodging
 + Level 1.8 Stealth
 + Level 2.0 Spellcasting
 + Level 4.0 Conjurations


You had 3 spell levels left.
You knew the following spells:

 Your Spells              Type           Power      Damage    Failure   Level
a - Magic Dart            Conj           64%        1d6       3%          1

Your spell library contained the following spells:

 Spells                   Type           Power      Damage    Failure   Level
 Searing Ray              Conj           32%        3d4       5%          2
 Dazzling Flash           Conj/Hex       18%        N/A       24%         3
 Fulminant Prism          Conj/Hex       4%         3d6       61%         4
 Iskenderun's Mystic Bla  Conj/Tloc      9%         2d4       61%         4


Dungeon Overview and Level Annotations

Branches:
Dungeon (1/15)

Altars:


Innate Abilities, Weirdness & Mutations

Your plain brown scales are hard. (AC +4)
You cannot fit into any form of body armour.
You are cold-blooded and may be slowed by cold attacks.


Message History

You add the spells Magic Dart, Searing Ray, Dazzling Flash, Fulminant Prism and Iskenderun's Mystic Blast to your library.
Welcome, sokol815 the Draconian Conjurer.
Will you be the one to retrieve the fabled Orb of Zot from the depths?
Found a staircase leading out of the dungeon.
You enter the shallow water.
Moving in this stuff is going to be slow.
You enter the shallow water.
Moving in this stuff is going to be slow.
You enter the shallow water.
Moving in this stuff is going to be slow.
You enter the shallow water.
Moving in this stuff is going to be slow.
a - a scroll labelled LUUGOO VIMUA You open the large door.
A jackal comes into view.
The jackal barks!
A jackal comes into view. x2
The magic dart hits the jackal.
The jackal barks! x2
You now have 2/3 mp.
Aim: a jackal (heavily wounded, 100% to hit)
The magic dart hits the jackal.
You now have 1/3 mp.
Aim: a jackal (severely wounded, 100% to hit)
The magic dart hits the jackal but does no damage.
A jackal comes into view.
A rat comes into view.
You now have 0/3 mp.
The jackal bites you. The jackal misses you.
You take 2 damage, and have 12/14 hp.
Unknown command.
The jackal barks!
You closely miss the jackal. You closely miss the jackal.
The jackal closely misses you.
The jackal bites you but does no damage.
A quokka comes into view.
The jackal bites you but does no damage. x2
You hit the jackal but do no damage. The jackal misses you.
The jackal bites you but does no damage.
You hit the jackal but do no damage. The jackal closely misses you.
The jackal bites you but does no damage.
The jackal bites the plant.
The plant begins to die.
The jackal bites the plant.
The jackal bites you but does no damage.
You hit the jackal. The jackal bites you.
The jackal bites the plant. x2
The jackal closely misses you.
The jackal bites you but does no damage.
The jackal bites the plant.
You take 1 damage, and have 11/14 hp.
You hit the jackal but do no damage. You tail-slap the jackal.
You kill the jackal!
The jackal bites the plant. x2
You closely miss the jackal.
The jackal bites the plant.
The jackal misses you.
The jackal bites the plant.
The rat bites you but does no damage.
The jackal bites the plant.
The jackal bites you but does no damage.
You miss the jackal.
A nearby plant withers and dies.
The jackal bites you. The rat bites you but does no damage.
You take 2 damage, and have 9/14 hp.
The jackal bites you but does no damage.
You barely miss the jackal.
Your tail-slap misses the jackal.
The jackal completely misses you. The rat bites you.
The jackal completely misses you. The jackal misses you.
You take 1 damage, and have 8/14 hp.
You closely miss the jackal. The jackal misses you.
The jackal closely misses you. The rat completely misses you.
You barely miss the jackal. The jackal bites you. The jackal barely misses you.
The rat closely misses you. The jackal bites you.
* * * LOW HITPOINT WARNING * * *
The jackal closely misses you.
You take 5 damage, and have 3/14 hp.
MASSIVE DAMAGE!!
Unknown command.
You hit the jackal. The jackal barely misses you. The rat closely misses you.
The jackal bites you but does no damage.
Unknown command.
You hit the jackal but do no damage. You tail-slap the jackal.
The jackal stops to sniff the water.
The jackal bites you but does no damage.
The jackal bites you.
* * * LOW HITPOINT WARNING * * *
The rat bites you.
* * * LOW HITPOINT WARNING * * *
The jackal closely misses you.
Unknown command.
You take 2 damage, and have 1/14 hp.
You completely miss the jackal.
The jackal bites you but does no damage.
The rat bites you but does no damage. The jackal bites you.
You die...

#..........
#..........
#..........
.........
......
####''###
#r......#
#hr.≈.♣.#
#@hh....#
#P≈≈..≈##
#..≈≈..#
#P.≈≈≈.##
#.P≈≈≈≈.##
#PP≈≈≈≈≈.#
#PP≈≈≈≈.##
#≈≈≈≈≈.##
#≈≈≈≈≈.##


You could see a quokka, 3 jackals and a rat.

Vanquished Creatures
  A jackal (D:1)
1 creature vanquished.

Vanquished Creatures (others)
  A plant (D:1)
1 creature vanquished.

Grand Total: 2 creatures vanquished

Notes
Turn   | Place    | Note
-------+----------+-------------------------------------------
     0 | D:1      | sokol815 the Draconian Conjurer began the quest for the
                  | Orb.
     0 | D:1      | Reached XP level 1. HP: 14/14 MP: 3/3
    44 | D:1      | HP: 3/14 [jackal (3)]
    46 | D:1      | HP: 1/14 [rat (1)]
    47 | D:1      | Slain by a jackal

Illustrated notes

Levels and vault maps discovered:
D:1:      lightli_arrival_windingriver, layout_basic

Action                   || total
-------------------------++-------
Melee: Unarmed           ||    14
       Tailslap          ||     2
 Cast: Magic Dart        ||     3
Armor: Skin              ||    15
Dodge: Dodged            ||    18

Table legend: (Time is in decaauts)
 A = Elapsed time spent in this place.
 B = Non-inter-level travel time spent in this place.
 C = Inter-level travel time spent in this place.
 D = Time resting spent in this place.
 E = Time spent auto-exploring this place.
 F = Levels seen in this place.
 G = Mean time per level.
                   A        B        C        D        E       F      G
               +--------+--------+--------+--------+--------+-----+--------+
         Total |     49 |     49 |      0 |      0 |     28 |   1 |   49.0 |
       Dungeon |     49 |     49 |      0 |      0 |     28 |   1 |   49.0 |
               +--------+--------+--------+--------+--------+-----+--------+

Top non-repeatable levels by time:
     D:1: 49 daAuts

Table legend:
 A = Kills in this place as a percentage of kills in entire the game.
 B = Kills by you in this place as a percentage of kills by you in the entire game.
 C = Kills by friends in this place as a percentage of kills by friends in the entire game.
 D = Other kills in this place as a percentage of other kills in the entire game.
 E = Experience gained in this place as a percentage of experience gained in the entire game.
 F = Experience gained in this place divided by the number of levels of this place that you have seen.
                   A       B       C       D       E      F
               +-------+-------+-------+-------+-------+----------------------
         Total | 100.0 | 100.0 |   N/A |   N/A | 100.0 |   2.0
       Dungeon | 100.0 | 100.0 |   N/A |   N/A | 100.0 |   2.0
               +-------+-------+-------+-------+-------+----------------------
